 Dungeon Crawl Stone Soup version 0.27-a0-1548-gf8a67e7463 (webtiles) character file.

Game seed: 17709170345581410142

730 Lemonice the Covert (level 7, -18/60 HPs)
             Began as a Gnoll Delver on July 14, 2021.
             Engulfed by a cloud of freezing vapour (23 damage)
             ... on level 5 of the Dungeon.
             The game lasted 00:05:12 (2883 turns).

Lemonice the Covert (Gnoll Delver)                  Turns: 2883, Time: 00:05:12

Health: -18/60     AC:  9    Str: 16    XL:     7   Next: 73%
Magic:  20/20      EV: 12    Int: 17    God:
Gold:   72         SH:  0    Dex: 11    Spells: 8/11 levels left

rFire    . . .     SeeInvis +   a - +0 falchion
rCold    . . .     Faith    .   (no shield)
rNeg     . . .     Spirit   .   q - +1 chain mail of Temperance {MP+9 Str+4 Dex-2 SInv}
rPois    .         Reflect  .   (no helmet)
rElec    .         Harm     .   (no cloak)
rCorr    .         Rampage  .   (no gloves)
Will     .....                  (no boots)
Stlth    +.........             (no amulet)
HPRegen  0.20/turn              m - +4 ring of evasion
MPRegen  0.17/turn              i - +6 ring of intelligence

@: no status effects
A: fangs 1, strong nose, distributed training
a: no special abilities


You were on level 5 of the Dungeon.
You visited 2 branches of the dungeon, and saw 3 of its levels.

You collected 72 gold pieces.

Inventory:

Hand Weapons
 a - a +0 falchion (weapon)
Missiles
 d - 3 boomerangs (quivered)
Armour
 b - a +0 leather armour
 q - the +1 chain mail of Temperance (worn) {MP+9 Str+4 Dex-2 SInv}
   (You found it on level 5 of the Dungeon)

   Str:       It affects your strength (+4).
   Dex:       It affects your dexterity (-2).
   MP:        It affects your magic capacity (+9).
   SInv:      It lets you see invisible.
Jewellery
 i - a +6 ring of intelligence (right hand)
 m - a +4 ring of evasion (left hand)
 r - the amulet of Sin {RegenMP Int+2}
   (You took it off an orc wizard on level 5 of the Dungeon)

   [amulet of magic regeneration]

   It increases your rate of magic regeneration.
   Int:       It affects your intelligence (+2).
Wands
 g - a wand of digging (3)
Scrolls
 c - a scroll of fog
 e - a scroll of fear
 h - 3 scrolls of identify {unknown}
 l - a scroll of enchant armour {unknown}
 p - a scroll of magic mapping
 t - a scroll of blinking {unknown}
Potions
 f - 2 potions of haste
 j - a potion of attraction {unknown}
 k - a potion of mutation {unknown}
 n - a potion of heal wounds {unknown}
 o - a potion of resistance {unknown}
 s - a potion of cancellation {unknown}


   Skills:
 + Level 7.1 Fighting
 + Level 2.6 Short Blades
 + Level 5.3 Long Blades
 + Level 2.6 Axes
 + Level 2.6 Maces & Flails
 + Level 2.6 Polearms
 + Level 2.6 Staves
 + Level 2.6 Slings
 + Level 2.6 Bows
 + Level 2.6 Crossbows
 + Level 2.6 Throwing
 + Level 2.6 Armour
 + Level 5.3 Dodging
 + Level 9.9 Stealth
 + Level 2.6 Shields
 + Level 2.6 Unarmed Combat
 + Level 2.6 Spellcasting
 + Level 2.1 Conjurations
 + Level 2.1 Hexes
 + Level 2.1 Summonings
 + Level 2.1 Necromancy
 + Level 2.1 Translocations
 + Level 2.1 Transmutations
 + Level 2.1 Fire Magic
 + Level 2.1 Ice Magic
 + Level 2.1 Air Magic
 + Level 2.1 Earth Magic
 + Level 2.1 Poison Magic
 + Level 3.0 Invocations
 + Level 2.6 Evocations


You had 8 spell levels left.
You knew the following spells:

 Your Spells              Type           Power      Damage    Failure   Level
a - Mephitic Cloud        Conj/Pois/Air  9%         N/A       98%         3

Your spell library contained the following spells:

 Spells                   Type           Power      Damage    Failure   Level
 Poisonous Vapours        Pois/Air       18%        N/A       89%         2
 Freezing Cloud           Conj/Ice/Air   4%         6-21      100%        5


Dungeon Overview and Level Annotations

Branches:
Dungeon (5/15)             Temple (1/1) D:5

Altars:
Dithmenos
Elyvilon
Fedhas
Hepliaklqana
Makhleb
Sif Muna
Trog
Uskayaw
Yredelemnul
Zin

Shops:
D:5 (


Innate Abilities, Weirdness & Mutations

You have very sharp teeth.
Your uncanny sense of smell can sniff out nearby items.
Your experience applies equally to all skills.


Message History

The ufetubus hits you.
You hit the ufetubus.
You kill the ufetubus!
s - a smoky orange potion You open the door.
There is an open door here.
t - a scroll labelled ZIUMIPL VITO
Found a stone staircase leading down.
An orc is nearby!
Found a stone staircase leading up.
Found a +0 club.
The orc shouts!
A hound comes into view.
You hit the orc but do no damage. You bite the orc, but do no damage.
The orc hits you but does no damage.
You closely miss the orc. The orc barely misses you.
You riposte.
You hit the orc but do no damage. You bite the orc, but do no damage.
You hit the orc but do no damage. The orc hits you with a +0 falchion.
You hit the orc. Your bite misses the orc.
The orc is almost dead.
The orc barely misses you.
You hit the orc.
You kill the orc!
h - 3 scrolls labelled XEETYSTROHEB (gained 1)
Things that are here:
a +0 falchion; a +0 ring mail
Things that are here:
a +0 falchion; a +0 ring mail You open the door.
Really walk into a travel-excluded area?
There is an open door here.
You are engulfed in freezing vapours.
You are engulfed in freezing vapours.
* * * LOW HITPOINT WARNING * * *
Really walk into that cloud of freezing vapour?
Okay, then.
You are engulfed in freezing vapours.
* * * LOW HITPOINT WARNING * * *
You are engulfed in freezing vapours.
You die...

##*######## ######### .),.......#
####........ ..*#......#
#......##### ..##.....,*
#......#### ...#...,,,*
#.........#
...#.#################.........#
...........).........'.........##
##################'###.(.........
#§§§☼☼○○°☼☼☼☼☼☼☼@☼..##...........
#.####################...........
#........°°°°°°°()!$#####..#.....
##########################.#.....
.....##........###......##.......
......#........###......###).....
........................'........
.........#########......###......
.......#.8.#######......# #.#####


There were no monsters in sight!

Vanquished Creatures
  3 necrophages
  An ogre (D:4)
  A scorpion (D:5)
  A water moccasin skeleton (D:4)
  2 hounds
  An orc priest (D:5)
  2 bullfrog skeletons (D:4)
  An iguana (D:4)
  2 orc wizards (D:5)
  2 hound skeletons (D:4)
  2 adders (D:4)
  A shadow imp (D:5)
  An ufetubus (D:5)
  6 orcs (D:5)
  3 ball pythons (D:4)
  An endoplasm (D:4)
  A giant cockroach (D:4)
  A hobgoblin (D:4)
  A kobold (D:4)
33 creatures vanquished.

Notes
Turn   | Place    | Note
-------+----------+-------------------------------------------
     0 | D:5      | Reached skill level 9 in Stealth
     0 | D:5      | Lemonice the Gnoll Delver began the quest for the Orb.
     0 | D:5      | Reached XP level 1. HP: 23/23 MP: 1/1
     3 | D:5      | Noticed an orc wizard
    17 | D:5      | Found Uxzoo's Weapon Emporium.
   149 | D:5      | Found a hide-covered altar of Uskayaw.
   190 | D:4      | Reached XP level 2. HP: 9/29 MP: 2/2
   443 | D:4      | Reached skill level 1 in Invocations
   443 | D:4      | Reached XP level 3. HP: 24/35 MP: 2/4
   483 | D:4      | Noticed an ogre
   597 | D:4      | Killed an ogre
   598 | D:4      | Reached skill level 1 in Short Blades
   598 | D:4      | Reached skill level 1 in Axes
   598 | D:4      | Reached skill level 1 in Maces & Flails
   598 | D:4      | Reached skill level 1 in Polearms
   598 | D:4      | Reached skill level 1 in Staves
   598 | D:4      | Reached skill level 1 in Slings
   598 | D:4      | Reached skill level 1 in Bows
   598 | D:4      | Reached skill level 1 in Crossbows
   598 | D:4      | Reached skill level 1 in Throwing
   598 | D:4      | Reached skill level 1 in Armour
   598 | D:4      | Reached skill level 1 in Shields
   598 | D:4      | Reached skill level 1 in Unarmed Combat
   598 | D:4      | Reached skill level 1 in Spellcasting
   598 | D:4      | Reached skill level 1 in Conjurations
   598 | D:4      | Reached skill level 1 in Hexes
   598 | D:4      | Reached skill level 1 in Summonings
   598 | D:4      | Reached skill level 1 in Necromancy
   598 | D:4      | Reached skill level 1 in Translocations
   598 | D:4      | Reached skill level 1 in Transmutations
   598 | D:4      | Reached skill level 1 in Fire Magic
   598 | D:4      | Reached skill level 1 in Ice Magic
   598 | D:4      | Reached skill level 1 in Air Magic
   598 | D:4      | Reached skill level 1 in Earth Magic
   598 | D:4      | Reached skill level 1 in Poison Magic
   598 | D:4      | Reached skill level 1 in Evocations
   598 | D:4      | Reached XP level 4. HP: 2/41 MP: 4/6
   598 | D:4      | Reached XP level 5. HP: 3/47 MP: 4/7
  1152 | D:4      | Reached XP level 6. HP: 35/53 MP: 8/8
  1270 | D:4      | Noticed a necrophage
  1302 | D:4      | Killed a necrophage
  1303 | D:4      | Reached skill level 5 in Long Blades
  1303 | D:4      | Reached skill level 5 in Dodging
  1436 | D:4      | Learned a level 3 spell: Mephitic Cloud
  1813 | D:5      | Noticed a necrophage
  1827 | D:5      | Killed a necrophage
  1828 | D:5      | Reached XP level 7. HP: 44/59 MP: 10/10
  2170 | D:5      | Found a staircase to the Ecumenical Temple.
  2178 | D:5      | Identified the +1 chain mail of Temperance {MP+9 Str+4
                  | Dex-2 SInv}
  2179 | D:5      | Identified the amulet of Sin {RegenMP Int+2}
  2209 | Temple   | Entered the Ecumenical Temple
  2883 | D:5      | Engulfed by a cloud of freezing vapour

Illustrated notes

Levels and vault maps discovered:
D:4:      layout_rooms, due_unseen_surprise
D:5:      lemuel_ice_spiral_2, layout_basic, mainiacjoe_overflow_cross_hatched,
          minmay_temple_entry_statues_pillars, serial_shops,
          kennysheep_little_box, kennysheep_generic_room_7
Temple:   compressed_dpeg_triangle_lava_temple

Skill      XL: |  1  2  3  4  5  6  7 |
---------------+----------------------+-----
Stealth        | |  9.9
Invocations    | 1 2 3 |  3.0
Short Blades   | 1 2 |  2.6
Axes           | 1 2 |  2.6
Maces & Flails | 1 2 |  2.6
Polearms       | 1 2 |  2.6
Staves         | 1 2 |  2.6
Slings         | 1 2 |  2.6
Bows           | 1 2 |  2.6
Crossbows      | 1 2 |  2.6
Throwing       | 1 2 |  2.6
Armour         | 1 2 |  2.6
Shields        | 1 2 |  2.6
Unarmed Combat | 1 2 |  2.6
Spellcasting   | 1 2 |  2.6
Conjurations   | 1 2 |  2.1
Hexes          | 1 2 |  2.1
Summonings     | 1 2 |  2.1
Necromancy     | 1 2 |  2.1
Translocations | 1 2 |  2.1
Transmutations | 1 2 |  2.1
Fire Magic     | 1 2 |  2.1
Ice Magic      | 1 2 |  2.1
Air Magic      | 1 2 |  2.1
Earth Magic    | 1 2 |  2.1
Poison Magic   | 1 2 |  2.1
Evocations     | 1 2 |  2.6
Long Blades    | 5 |  5.3
Dodging        | 5 |  5.3
Fighting       | 7 |  7.1

Action                   |  1- 3 |  4- 6 |  7- 9 || total
-------------------------+-------+-------+-------++-------
Melee: Falchion          |    41 |    89 |    53 ||   183
       Bite              |     8 |    14 |     7 ||    29
Throw: Boomerang         |     1 |     1 |       ||     2
 Cast: Mephitic Cloud    |       |       |     1 ||     1
  Use: Scroll            |     1 |       |       ||     1
 Stab: Sleeping          |     1 |     3 |       ||     4
       Distracted        |       |     1 |       ||     1
Armor: Leather armour    |     6 |     9 |     2 ||    17
       Chain mail        |       |       |    12 ||    12
Dodge: Dodged            |    22 |    61 |    24 ||   107
       Rpst.: Falchion   |     6 |    17 |     9 ||    32

Table legend: (Time is in decaauts)
 A = Elapsed time spent in this place.
 B = Non-inter-level travel time spent in this place.
 C = Inter-level travel time spent in this place.
 D = Time resting spent in this place.
 E = Time spent auto-exploring this place.
 F = Levels seen in this place.
 G = Mean time per level.
                   A        B        C        D        E       F      G
               +--------+--------+--------+--------+--------+-----+--------+
         Total |   2893 |   2864 |     29 |      0 |   2145 |   3 |  964.3 |
       Dungeon |   2566 |   2537 |     29 |      0 |   1876 |   2 | 1283.0 |
        Temple |    327 |    327 |      0 |      0 |    269 |   1 |  327.0 |
               +--------+--------+--------+--------+--------+-----+--------+

Top non-repeatable levels by time:
     D:4: 1656 daAuts
     D:5: 909 daAuts
  Temple: 327 daAuts
